AoeStats
← DespeSupertimor

African Clearing

506920366Analyzed
4v4 RM · 17d ago on Sep 15, 2026· 45m 8s· 8 players
Game mode
Random Map
Map size
Large (8 player)
Population
200
Speed
Normal
Resources
Standard
Victory
Conquest
Starting age
Dark Age
Ending age
Imperial Age
RankedLock teamsTeams togetherTeam positionsShared explorationLock speedFull tech treeHidden civsTurbo modeCheats
Victory
Defeat
🇫🇷 Bengalis · France
1205
+12
🇫🇷 Huns · France
1149
+14
🇩🇪 Vietnamese · Germany
1134
+15
🇩🇪 Poles · Germany
1120
+15
🇨🇱 Ethiopians · Chile
1214
-18
🇨🇱 Wu · Chile
1134
-15
🇵🇪 Khmer · Peru
1065
-12
🇪🇸 Huns · Spain
1032
-11
Melkro
14:19 Feudal Age
19:16 Castle Age
17:10 Double-Bit Axe
21:00 Loom
20:51 Pikeman
30:16 Fletching
31:25 Bloodlines
34:42 Bodkin Arrow
35:41 Gold Mining
37:05 Padded Archer Armor
37:08 Horse Collar
39:08 Wheelbarrow
39:55 Ballistics
39:33 Stone Mining
40:38 Husbandry
46:36 Imperial Age
44:25 Hand Cart
45:08 Marauders
45:26 Scale Barding Armor
45:32 Forging
DespeSupertimor
6:52 Loom
13:25 Feudal Age
16:33 Double-Bit Axe
19:37 Castle Age
18:09 Gold Mining
22:12 Bow Saw
23:57 Horse Collar
29:04 Bloodlines
28:55 Husbandry
29:31 Fletching
32:05 Wheelbarrow
32:42 Scale Barding Armor
32:48 Forging
32:55 Heavy Plow
34:49 Hand Cart
36:05 Chain Barding Armor
36:20 Iron Casting
40:41 Imperial Age
40:48 Elite Battle Elephant
42:19 Plate Barding Armor
43:44 Blast Furnace
43:34 Paiks
JeanC
3:36 Loom
13:18 Feudal Age
14:29 Double-Bit Axe
14:38 Gold Mining
19:22 Castle Age
17:56 Fletching
18:47 Padded Archer Armor
19:23 Crossbowman
20:42 Bodkin Arrow
23:15 Squires
24:39 Bow Saw
25:19 Ballistics
25:47 Elite Skirmisher
28:39 Horse Collar
31:47 Leather Archer Armor
34:21 Thumb Ring
36:48 Forging
36:39 Scale Mail Armor
39:54 Wheelbarrow
40:29 Hand Cart
44:03 Town Watch
46:54 Imperial Age
lumpensammler666
13:04 Feudal Age
12:01 Loom
12:04 Loom
16:39 Castle Age
15:00 Horse Collar
15:48 Double-Bit Axe
23:09 Wheelbarrow
24:15 Stone Mining
25:21 Gold Mining
26:03 Fletching
26:54 Scale Barding Armor
27:26 Forging
27:41 Heavy Plow
28:33 Szlachta Privileges
29:17 Bloodlines
29:08 Husbandry
29:56 Bow Saw
31:28 Chain Barding Armor
31:42 Hand Cart
32:40 Iron Casting
35:03 Bodkin Arrow
37:40 Imperial Age
37:49 Cavalier
39:32 Blast Furnace
42:45 Conscription
42:26 Scale Mail Armor
42:34 Squires
42:19 Arson
42:12 Elite Obuch
42:55 Bracer
44:05 Chain Mail Armor
DrSpyGut
3:32 Loom
13:45 Feudal Age
17:41 Castle Age
15:54 Double-Bit Axe
18:30 Wheelbarrow
20:47 Husbandry
21:38 Forging
21:34 Scale Barding Armor
27:43 Bloodlines
27:51 Horse Collar
29:54 Iron Casting
31:58 Chain Barding Armor
31:50 Heavy Plow
34:13 Fletching
35:14 Bodkin Arrow
38:30 Imperial Age
40:26 Blast Furnace
Nicolass
12:35 Feudal Age
11:05 Loom
19:06 Castle Age
18:03 Scale Barding Armor
21:00 Double-Bit Axe
22:08 Forging
29:07 Fletching
31:38 Chain Barding Armor
38:31 Imperial Age
38:00 Bodkin Arrow
39:21 Pikeman
[CL]Jigsaw
3:23 Loom
4:18 Loom
13:03 Feudal Age
14:25 Town Watch
18:02 Castle Age
16:41 Double-Bit Axe
17:07 Fletching
18:14 Padded Archer Armor
18:19 Crossbowman
24:09 Wheelbarrow
24:19 Ballistics
24:46 Horse Collar
27:26 Bodkin Arrow
28:54 Leather Archer Armor
37:04 Imperial Age
35:18 Thumb Ring
37:07 Murder Holes
37:02 Heated Shot
37:09 Arbalester
38:29 Squires
38:48 Bracer
40:57 Ring Archer Armor
41:49 Scale Mail Armor
NPG | Kenji
4:12 Loom
15:05 Feudal Age
19:27 Castle Age
19:27 Forging
19:03 Double-Bit Axe
23:04 Pikeman
24:04 Gold Mining
26:24 Squires
26:29 Scale Mail Armor
26:23 Fletching
27:18 Bow Saw
31:47 Chain Mail Armor
32:51 Iron Casting
32:17 Padded Archer Armor
33:42 Wheelbarrow
34:22 Red Cliffs Tactics
42:08 Imperial Age
Connection lost

Rejoining the realm…

Still unreachable

The connection could not be restored.

Session expired

The server has moved on; the page needs a fresh start.